 Dungeon Crawl Stone Soup version 0.30-a0-852-g08b95dd62f (webtiles) character file.

Game seed: 13771797742747294892

471 Demosthentine the Ducker (level 6, -1/48 HPs)
             Began as a Demonspawn Gladiator on Mar 4, 2023.
             Was an Initiate of Hepliaklqana.
             Slain by a wyvern (11 damage)
             ... on level 5 of the Dungeon.
             The game lasted 00:04:01 (3910 turns).

Demosthentine the Ducker (Demonspawn Gladiator)     Turns: 3910, Time: 00:04:02

Health: -1/48      AC:  9    Str: 23    XL:     6   Next: 83%
Magic:  6/6        EV: 13    Int:  9    God:    Hepliaklqana [......]
Gold:   216        SH:  5    Dex: 14    Spells: 5/5 levels left

rFire   . . .      SeeInvis +    (no weapon)
rCold   + . .      Faith    .    (no shield)
rNeg    . . .      Spirit   .    b - +0 leather armour
rPois   +          Reflect  +    c - +0 helmet
rElec   .          Rampage  .    w - +0 cloak
rCorr   .                        (no gloves)
Will    .....                    (boots unavailable)
Stlth   x                          - amulet of reflection
HPRegen 0.28/turn                g - ring of Yredelemnul's Esteem {rPois rC+ Str+6 SInv Stlth-}
MPRegen 0.10/turn                k - +4 ring of protection

@: no status effects
A: claws 1, hooves 3
a: Renounce Religion


You were on level 5 of the Dungeon.
You worshipped Hepliaklqana.
Hepliaklqana was noncommittal.
You visited 2 branches of the dungeon, and saw 6 of its levels.

You collected 216 gold pieces.

Inventory:

Hand Weapons
 a - a +0 trident
Missiles
 d - a throwing net (quivered)
 e - 7 javelins
Armour
 b - a +0 leather armour (worn)
 c - a +0 helmet (worn)
 w - a +0 cloak (worn)
Jewellery
 g - the ring of Yredelemnul's Esteem (left claw) {rPois rC+ Str+6 SInv Stlth-}
   (You acquired it on level 1 of the Dungeon)

   [ring of strength]

   Str:       It affects your strength (+6).
   rC:        It protects you from cold.
   rPois:     It protects you from poison.
   SInv:      It lets you see invisible.
   Stlth:     It makes you less stealthy.
 k - a +4 ring of protection (right claw)
 x - an amulet of reflection (around neck)
Wands
 l - a wand of polymorph (12)
 o - a wand of roots (8)
 p - a wand of paralysis (8)
Scrolls
 h - a scroll of blinking
 m - 2 scrolls of fear
 t - a scroll of teleportation
 v - a scroll of immolation
Potions
 f - 7 potions of curing
 i - 2 potions of haste
 j - 2 potions of lignification
 n - 2 potions of ambrosia
 q - a potion of cancellation
 r - a potion of flight {unknown}
 s - a potion of heal wounds {unknown}
 u - a potion of magic {unknown}


   Skills:
 + Level 4.0 Fighting
 - Level 4.1 Polearms
 - Level 1.7 Throwing
 + Level 3.0 Armour
 + Level 4.2 Dodging
 + Level 0.5 Unarmed Combat


You had 5 spell levels left.
You didn't know any spells.
Your spell library contained the following spells:

 Spells                   Type           Power      Damage    Failure   Level
 Apportation              Tloc           0%         N/A       43%         1
 Slow                     Hex            0%         N/A       43%         1
 Confusing Touch          Hex            0%         N/A       80%         3
 Frozen Ramparts          Ice            0%         1d1       80%         3
 Vampiric Draining        Necr           0%         2d6       80%         3
 Ice Form                 Ice/Tmut       0%         N/A       99%         4
 Summon Ice Beast         Ice/Summ       0%         N/A       99%         4
 Alistair's Intoxication  Tmut/Pois      0%         N/A       100%        5


Dungeon Overview and Level Annotations

Branches:
Dungeon (5/15)             Temple (1/1) D:4

Altars:
Ashenzari
Cheibriados
Fedhas
Gozag
Hepliaklqana
Kikubaaqudgha
Makhleb
Nemelex Xobeh
Okawaru
Qazlal
Ru
Sif Muna
Trog
Uskayaw
Vehumet
Wu Jian
Xom
Yredelemnul


Innate Abilities, Weirdness & Mutations

You have sharp fingernails.
You have hooves in place of feet.


Message History

Your kick misses the wyvern.
The wyvern is heavily wounded.
The wyvern misses you.
You scratch the wyvern but do no damage.
Your kick misses the wyvern.
The wyvern is heavily wounded.
The wyvern closely misses you. You block the wyvern's attack.
You scratch the wyvern but do no damage.
You kick the wyvern.
The wyvern is heavily wounded.
The wyvern bites you.
Throw: 2 throwing nets
Press: ? - help, Q - select action, (/) - cycle Shift-Dir - straight line, f/p - wyvern
Aim: a wyvern (heavily wounded, 60% to hit)
You throw a throwing net. The throwing net hits the wyvern.
The wyvern is caught in the net!
The wyvern is heavily wounded.
The wyvern struggles against the net. x2
Unknown command.
You scratch the wyvern but do no damage.
The wyvern is heavily wounded.
The wyvern struggles against the net.
You scratch the wyvern.
The wyvern is heavily wounded.
The wyvern struggles against the net. x2
The net rips apart, and the wyvern comes free!
You scratch the wyvern.
The wyvern is severely wounded.
The wyvern bites you!
* * * LOW HITPOINT WARNING * * *
You scratch the wyvern but do no damage.
You kick the wyvern.
The wyvern is almost dead.
The wyvern bites you.
* * * LOW HITPOINT WARNING * * *
The wyvern bites you but does no damage.
You scratch the wyvern but do no damage.
The wyvern is almost dead.
The wyvern bites you!
You die...

#.# #.# #.# # #.#
... #.#.# ....
#.#.### ....#####
#.l...# ........#
###@..# #......#
#.....#
##......#####.....#
#.......'....†....#
#.......####..###.#
#.................#
#.######.##########
##+######.#
#.....##..#


You could see a wyvern.

Vanquished Creatures
  Menkaure (D:4)
  A hound (D:4)
  2 jellies
  Crazy Yiuf (D:4)
  An iguana (D:5)
  Natasha (thrice) (D:4)
  Ijyb (D:3)
  3 adders
  3 dart slugs
  An orc (D:4)
  3 bats
  6 endoplasms
  6 giant cockroaches
  12 goblins
  6 hobgoblins
  8 jackals
  A quokka (D:3)
  3 ball pythons
  7 frilled lizards
  3 kobolds
  4 rats
76 creatures vanquished.

Notes
Turn   | Place    | Note
-------+----------+-------------------------------------------
     0 | D:1      | Demosthentine the Demonspawn Gladiator began the quest for
                  | the Orb.
     0 | D:1      | Reached XP level 1. HP: 16/16 MP: 1/1
   138 | D:1      | Discovered your monstrous ancestry.
   138 | D:1      | Gained mutation: You have large cloven feet. [demonic
                  | ancestry]
   138 | D:1      | Reached XP level 2. HP: 15/22 MP: 2/2
   430 | D:1      | Reached skill level 1 in Armour
   589 | D:1      | Gained mutation: You have hoof-like feet. [demonic
                  | ancestry]
   589 | D:1      | Reached XP level 3. HP: 27/28 MP: 3/3
   611 | D:1      | Found a faded altar of an unknown god.
   851 | D:1      | Identified a scroll of acquirement
   851 | D:1      | Acquired the ring of Yredelemnul's Esteem {rPois rC+ Str+6
                  | SInv Stlth-}
  1774 | D:3      | Found a stormy altar of Qazlal.
  1797 | D:3      | Found a snail-covered altar of Cheibriados.
  1798 | D:3      | Found a bloodstained altar of Trog.
  1800 | D:3      | Found an ornate altar of the Wu Jian Council.
  1800 | D:3      | Found a shimmering blue altar of Sif Muna.
  1801 | D:3      | Found an opulent altar of Gozag.
  1808 | D:3      | Found a radiant altar of Vehumet.
  1946 | D:3      | Gained mutation: You have hooves in place of feet. [demonic
                  | ancestry]
  1946 | D:3      | Reached XP level 4. HP: 34/34 MP: 4/4
  2428 | D:4      | Found a staircase to the Ecumenical Temple.
  2428 | D:4      | Noticed Ijyb
  2467 | D:3      | Killed Ijyb
  2555 | Temple   | Entered the Ecumenical Temple
  2786 | Temple   | Became a worshipper of Hepliaklqana the Forgotten
  2839 | D:4      | Identified the +6 scale mail "Qodiaw" {Str+2 Stlth+}
  3025 | D:4      | Reached XP level 5. HP: 22/41 MP: 5/5
  3101 | D:4      | Noticed Natasha
  3107 | D:4      | Killed Natasha
  3181 | D:4      | Noticed Natasha
  3186 | D:4      | Killed Natasha
  3297 | D:4      | Noticed Menkaure
  3304 | D:4      | Killed Menkaure
  3305 | D:4      | Gained mutation: You have sharp fingernails. [demonic
                  | ancestry]
  3305 | D:4      | Reached XP level 6. HP: 30/48 MP: 6/6
  3429 | D:4      | Found a runed translucent door.
  3430 | D:4      | Noticed Crazy Yiuf
  3430 | D:4      | Noticed Natasha
  3556 | D:4      | Killed Natasha
  3558 | D:4      | Killed Crazy Yiuf
  3628 | D:5      | Entered Level 5 of the Dungeon
  3893 | D:5      | Noticed a wyvern
  3910 | D:5      | Slain by a wyvern

Illustrated notes

Levels and vault maps discovered:
D:1:      lightli_arrival_boilingwater, layout_basic,
          shapermc_ecumenical_altar_acropolis
D:2:      layout_basic
D:3:      layout_rooms, nicolae_overflow_hallway_of_the_gods, serial_rivers,
          chequers_serial_rivers_micro_a, chequers_serial_rivers_room_a,
          chequers_serial_rivers_micro_e, chequers_serial_rivers_large_a,
          chequers_serial_rivers_micro_b
D:4:      layout_layer_cave, temple_fountains, minmay_misc_feat_diagonals,
          due_unseen_surprise, uniq_natasha, uniq_menkaure, uniq_ijyb,
          uniq_crazy_yiuf_cottage
D:5:      layout_basic
Temple:   dpeg_chambers_temple

Skill      XL: |  1  2  3  4  5  6 |
---------------+-------------------+-----
Dodging        | 3 4 |  4.2
Polearms       | 3 4 |  4.1
Armour         | 1 2 3 |  3.0
Fighting       | 3 4 |  4.0
Throwing       | |  1.7
Unarmed Combat | |  0.5

Action                     |  1- 3 |  4- 6 || total
---------------------------+-------+-------++-------
  Melee: Trident           |   149 |    73 ||   222
         Kick              |    13 |    32 ||    45
         Unarmed           |       |    30 ||    30
  Throw: Throwing net      |       |     3 ||     3
    Use: Scroll            |     9 |     5 ||    14
   Stab: Sleeping          |     2 |       ||     2
         Held in net/web   |       |     1 ||     1
 Armour: Leather armour    |    48 |    30 ||    78
  Dodge: Dodged            |   106 |    51 ||   157
  Block: Other             |       |     2 ||     2

Table legend: (Time is in decaauts)
 A = Elapsed time spent in this place.
 B = Non-inter-level travel time spent in this place.
 C = Inter-level travel time spent in this place.
 D = Time resting spent in this place.
 E = Time spent auto-exploring this place.
 F = Levels seen in this place.
 G = Mean time per level.
                   A        B        C        D        E       F      G
               +--------+--------+--------+--------+--------+-----+--------+
         Total |   3963 |   3858 |    105 |    223 |   2984 |   6 |  660.5 |
       Dungeon |   3718 |   3614 |    104 |    223 |   2785 |   5 |  743.6 |
        Temple |    244 |    244 |      0 |      0 |    199 |   1 |  244.0 |
               +--------+--------+--------+--------+--------+-----+--------+

Top non-repeatable levels by time:
     D:2: 906 daAuts
     D:1: 888 daAuts
     D:4: 880 daAuts
     D:3: 761 daAuts
     D:5: 281 daAuts
  Temple: 244 daAuts
